Map: Troizinia LE

Players

WormHole

  • Race: Protoss Protoss
  • Spawn Location: 9:00

lllllllllll

  • Race: Terran Terran
  • League: Master
  • Spawn Location: 11:00

BlackHole

  • Race: Terran Terran
  • Spawn Location: 12:00

YongSanGu

  • Race: Zerg Zerg
  • Spawn Location: 11:00

deisler

  • Race: Protoss Protoss
  • Spawn Location: 3:00

XxXLuisXxX

  • Race: Zerg Zerg
  • Spawn Location: 5:00

dgman

  • Race: Terran Terran
  • Spawn Location: 5:00

Infamous

  • Race: Protoss Protoss
  • League: Bronze
  • Spawn Location: 6:00

VOD

Have the link to the VOD?

Description

Time

  • Played on: March 8, 2018, 10:46 a.m.
  • Length: 4:47
Show
View Real Time Build Order
Export as new Build Order

WormHole Protoss 

Build Orders:  

Get SALT Encoding   

  12  0:00  Probe (Chrono Boost)  
  13  0:10  Probe (Chrono Boost)  
  14  0:18  Pylon  
  15  0:21  Probe  
  15  0:37  Forge  
  15  0:38  Probe  
  16  0:50  Probe  
  17  1:02  Probe  
  18  1:16  Pylon  
  18  1:39  Pylon  
  18  1:45  Photon Cannon  
  18  1:46  Pylon  
  18  2:00  Photon Cannon  
  18  2:12  Probe  
  18  2:14  Assimilator x2  
  19  2:18  Gateway  
  19  2:26  Pylon, Photon Cannon  
  19  2:27  Pylon  
  18  2:35  Pylon  
  18  2:38  Probe (Chrono Boost)  
  19  2:49  Probe (Chrono Boost)  
  20  2:54  Probe (Chrono Boost)  
  20  3:04  Probe  
  21  3:06  Photon Cannon  
  21  3:09  Cybernetics Core  
  21  3:16  Probe  
  22  3:31  Probe  
  23  3:48  Robotics Facility  
  23  3:49  Robotics Facility  
  23  3:50  Pylon  
  23  4:29  Shield Battery  
Show
View Real Time Build Order
Export as new Build Order

lllllllllll Terran 

Build Orders:  

Get SALT Encoding   

  12  0:01  SCV  
  13  0:13  SCV  
  14  0:18  Supply Depot  
  14  0:27  SCV  
  15  0:40  SCV  
  15  0:41  Barracks  
  16  0:52  SCV  
  17  1:07  SCV  
  18  1:14  Barracks  
  18  1:15  Barracks  
  18  1:18  Refinery  
  19  1:31  Marine  
  20  1:34  Orbital Command  
  19  1:49  Marine  
  19  1:50  Supply Depot  
  20  2:02  SCV  
  20  2:03  Marine x2  
  23  2:18  Marine  
  23  2:19  Supply Depot  
  23  2:21  Marine  
  25  2:23  Marine  
  26  2:36  Marine  
  27  2:38  Marine  
  27  2:41  Marine  
  29  2:54  Marine  
  29  2:58  Marine  
  31  3:24  Bunker  
  31  3:25  Bunker  
  31  3:27  Bunker  
  31  3:31  Bunker  
  31  3:34  Marine  
  32  4:12  Marine x2  
Show
View Real Time Build Order
Export as new Build Order

BlackHole Terran 

Build Orders:  

Get SALT Encoding   

  12  0:01  SCV  
  13  0:13  SCV  
  14  0:17  Supply Depot  
  14  0:25  SCV  
  15  0:39  SCV  
  15  0:40  Barracks  
  16  0:51  SCV  
  17  1:03  SCV  
  18  1:15  SCV  
  19  1:20  Command Center  
  19  1:31  Orbital Command  
  19  1:47  Marine  
  20  1:57  SCV  
  21  2:04  Command Center  
  21  2:10  SCV  
  22  2:22  SCV  
  23  2:27  Supply Depot  
  23  2:34  SCV  
  23  2:35  Orbital Command  
  24  2:46  SCV, Refinery  
  24  2:47  Refinery  
  25  2:58  SCV  
  26  3:01  SCV  
  27  3:10  SCV  
  28  3:13  SCV  
  28  3:17  Orbital Command  
  29  3:22  SCV  
  29  3:24  Refinery  
  29  3:25  SCV  
  31  3:34  SCV  
  31  3:37  SCV  
  31  3:38  Command Center  
  33  3:46  SCV  
  33  3:47  SCV  
  35  3:49  SCV  
  35  3:53  Refinery  
  36  3:55  Refinery  
  36  3:58  Factory, SCV  
  37  4:05  SCV x2  
  39  4:11  SCV  
  39  4:17  SCV x2  
  41  4:23  SCV  
  43  4:29  SCV x2  
  45  4:31  Refinery  
  46  4:39  Refinery  
  46  4:40  Refinery  
  46  4:42  Starport  
Show
View Real Time Build Order
Export as new Build Order

YongSanGu Zerg 

Build Orders: Hatch First 

Get SALT Encoding   

  12  0:01  Drone  
  13  0:09  Drone  
  14  0:16  Overlord  
  14  0:35  Drone x3  
  17  0:54  Hatchery  
  16  0:57  Drone  
  16  1:01  Extractor  
  16  1:05  Drone  
  17  1:18  Spawning Pool  
  17  1:20  Drone  
  17  1:22  Drone  
  18  1:34  Drone  
  19  1:44  Drone  
  20  1:50  Overlord  
  20  2:10  Metabolic Boost  
  20  2:11  Queen  
  20  2:12  Queen  
  20  2:13  Drone  
  20  2:15  Zergling x2  
  26  2:20  Drone  
  26  2:21  Drone  
  28  2:25  Drone  
  28  2:29  Drone  
  30  2:38  Drone  
  30  2:39  Drone  
  32  2:51  Zergling x2  
  32  2:52  Zergling x2  
  32  2:56  Zergling x2  
  35  3:01  Overlord  
  35  3:05  Lair  
  35  3:11  Zergling x2  
  36  3:16  Overlord  
  36  3:23  Zergling x12  
  36  3:24  Zergling x2  
  36  3:26  Zergling x2  
  44  3:33  Overlord  
  44  3:39  Zergling x2  
  45  3:43  Zergling x2  
  45  3:57  Zergling x12  
  45  4:00  Zergling x2  
  51  4:07  Zergling x4  
  53  4:17  Zergling x4, Hatchery  
Show
View Real Time Build Order
Export as new Build Order

deisler Protoss 

Build Orders:  

Get SALT Encoding   

  12  0:02  Probe  
  13  0:15  Probe  
  14  0:34  Probe  
  15  0:37  Pylon  
  15  0:56  Probe  
  16  1:00  Forge  
  16  1:03  Assimilator  
  16  1:08  Assimilator  
  16  1:15  Assimilator  
  16  1:26  Assimilator  
  16  1:35  Probe  
  17  1:42  Assimilator  
  17  1:47  Probe, Assimilator  
  18  1:55  Gateway  
  17  2:05  Pylon  
  17  2:09  Assimilator  
  17  2:14  Probe (Chrono Boost)  
  18  2:18  Assimilator  
  19  2:24  Probe (Chrono Boost)  
  19  2:29  Probe (Chrono Boost)  
  20  2:40  Probe  
  21  2:51  Cybernetics Core  
  21  2:52  Probe  
  22  3:07  Pylon  
  22  3:13  Gateway  
  22  3:16  Photon Cannon  
Show
View Real Time Build Order
Export as new Build Order

XxXLuisXxX Zerg 

Build Orders: Pool Only 

Get SALT Encoding   

  12  0:42  Drone x2  
  14  1:08  Overlord  
  14  1:33  Extractor  
  14  1:39  Spawning Pool  
  12  1:47  Extractor  
  11  2:16  Drone x3  
  14  2:58  Evolution Chamber  
  13  3:04  Zergling x4  
  13  3:05  Zergling x2  
  15  4:04  Zergling x6  
Show
View Real Time Build Order
Export as new Build Order

dgman Terran 

Build Orders:  

Get SALT Encoding   

  12  0:35  Supply Depot  
  12  0:45  Supply Depot  
  12  0:51  Supply Depot, Refinery  
  12  0:55  SCV, Engineering Bay  
  13  1:20  Barracks  
  13  1:30  Supply Depot  
  13  1:53  Missile Turret  
  13  1:55  SCV  
  14  2:07  SCV  
  15  2:09  Missile Turret  
  15  2:21  Refinery  
  15  2:40  Factory  
  15  2:54  Barracks Tech Lab  
  15  3:04  Barracks  
  15  3:06  SCV  
  16  3:18  SCV  
  17  3:40  Planetary Fortress  
  17  3:55  Barracks Tech Lab  
  17  4:01  Command Center  
  17  4:12  Ghost Academy  
  17  4:18  Ghost Academy  
  17  4:21  Missile Turret  
  17  4:23  SCV  
Show
View Real Time Build Order
Export as new Build Order

Infamous Protoss 

Build Orders:  

Get SALT Encoding   

  12  0:09  Probe  
  13  0:21  Pylon  
  13  0:22  Probe  
  14  0:41  Probe (Chrono Boost), Gateway  
  15  0:52  Probe (Chrono Boost)  
  16  1:01  Assimilator  
  16  1:07  Probe  
  17  1:21  Probe  
  17  1:22  Pylon  
  18  1:28  Zealot  
  20  1:33  Probe  
  21  1:53  Probe  
  21  2:05  Probe  
  21  2:08  Zealot  
  24  2:30  Probe  
  24  2:34  Assimilator  
  23  2:46  Pylon  
  23  2:47  Zealot (Chrono Boost)  
  15  3:07  Zealot  
  15  3:08  Forge  
  6  4:06  Probe  
Tags
 
Add a new tag
Caveats
  • Supply blocks, unpowered buildings, or Contaminate may cause inaccurate times.
  • Supply counts are checked every 10 seconds.